 Dungeon Crawl Stone Soup version 0.28.0-53-g5a82cb258f (webtiles) character file.

Game seed: 14386267411211176359

230 cbfl8 the Chopper (level 6, -21/56 HPs)
             Began as a Hill Orc Monk on July 21, 2022.
             Demolished by an ogre
             ... wielding a +0 giant club
              (26 damage)
             ... on level 4 of the Dungeon.
             The game lasted 00:04:13 (3232 turns).

cbfl8 the Chopper (Hill Orc Monk)                   Turns: 3232, Time: 00:04:14

Health: -21/56     AC: 10    Str: 16    XL:     6   Next: 3%
Magic:  6/6        EV:  7    Int: 10    God:
Gold:   122        SH:  5    Dex: 13    Spells: 5/5 levels left

rFire   . . .      SeeInvis .   f - +0 war axe
rCold   . . .      Faith    .   (no shield)
rNeg    . . .      Spirit   .   k - +0 chain mail
rPois   .          Reflect  +   n - +0 helmet
rElec   .          Harm     .   (no cloak)
rCorr   .          Rampage  .   s - +0 pair of gloves
Will    .....                   (no boots)
Stlth   ..........              q - amulet of reflection
HPRegen 0.18/turn               h - +4 ring of slaying
MPRegen 0.10/turn               (no ring)

@: no status effects
A: no striking features
a: no special abilities


You were on level 4 of the Dungeon.
You visited 1 branch of the dungeon, and saw 4 of its levels.

You collected 122 gold pieces.

Inventory:

Hand Weapons
 a - a +0 hand axe
 f - a +0 war axe (weapon)
Missiles
 c - a throwing net (quivered)
Armour
 b - a +0 robe
 j - a +0 leather armour
 k - a +0 chain mail (worn)
 n - a +0 helmet (worn)
 s - a +0 pair of gloves (worn)
Jewellery
 h - a +4 ring of slaying (left hand)
 q - an amulet of reflection (around neck)
Wands
 o - a wand of polymorph (1)
Scrolls
 d - a scroll of amnesia {unknown}
 e - 3 scrolls of teleportation {unknown}
 g - a scroll of identify {unknown}
 i - a scroll of enchant weapon {unknown}
 l - a scroll of silence {unknown}
 p - a scroll of vulnerability {unknown}
 v - a scroll of brand weapon {unknown}
Potions
 m - a potion of magic
 r - a potion of flight {unknown}
 t - 2 potions of curing
 u - a potion of might {unknown}
 w - a potion of haste {unknown}


   Skills:
 * Level 5.1 Fighting
 + Level 5.7 Axes
 + Level 1.7 Armour
 + Level 2.9 Dodging
 + Level 1.8 Stealth
 + Level 0.1 Shields
 * Level 1.8 Evocations


You had 5 spell levels left.
You didn't know any spells.
Your spell library contained the following spells:

 Spells                   Type           Power      Damage    Failure   Level
 Magic Dart               Conj           0%         1d3       100%        1
 Searing Ray              Conj           0%         2d4       100%        2
 Fulminant Prism          Conj/Hex       0%         3d6       100%        4


Dungeon Overview and Level Annotations

Branches:
Dungeon (4/15)
 Temple: D:4-7

Altars:
Yredelemnul

Annotations:
D:4 1 transporter, cbfl8's ghost, amateur HODe


Message History

Why would you want to do that?
Found a scroll labelled ATUSAH AMOMN.
Found a pair of gloves.
e - 3 scrolls labelled ATUSAH AMOMN (gained 1)
Found a purple potion.
Found a stone staircase leading down.
Found 10 gold pieces.
Found a transporter.
The hobgoblin shouts!
Found a ring mail.
You see here a +0 pair of gloves.
w - a purple potion Cbfl8's ghost turns its malevolent gaze towards you.
Found 19 bolts.
The quokka twitches its whiskers.
You open the door.
There is an open door here.
An orc comes into view. It is wielding a +0 mace.
The orc shouts!
The orc hits you but does no damage.
An ogre comes into view. It is wielding a +0 giant club.
You slash the orc!
You kill the orc!
You see here a +0 mace.
The ogre hits you with a +0 giant club!
You hit the ogre but do no damage. The ogre hits you but does no damage.
You barely miss the ogre. The ogre hits you with a +0 giant club!
You slash the ogre!
The ogre is moderately wounded.
The ogre barely misses you.
You slash the ogre!
The ogre is severely wounded.
The ogre hits you with a +0 giant club!!
* * * LOW HITPOINT WARNING * * *
You hit the ogre.
The ogre is severely wounded.
You block the ogre's attack.
You barely miss the ogre.
The ogre is severely wounded.
The ogre hits you with a +0 giant club!!
You die...

.####≈≈≈≈...#
..≈≈≈≈≈.....#
............#
..#..###....#
### .###.#
#....# #.. .#
># #....# #.#
########....#
#.#
............#
#O#
#########'###
#@# #.# #.#
###.# #)#
#...# #.#
#.###
#.##########
#.#
#..........#
#.#
##########.#
#.# #.# #.#
#.#


You could see an ogre.

Vanquished Creatures
  A sky beast (D:3)
  Ijyb (D:2)
  An iguana (D:4)
  2 adders
  2 dart slugs
  10 orcs
  2 ball pythons
  3 bats
  3 endoplasms
  2 giant cockroaches
  7 goblins
  4 hobgoblins
  4 jackals
  2 quokkas
  2 frilled lizards
  A kobold (D:1)
  5 rats
52 creatures vanquished.

Vanquished Creatures (others)
  5 plants (D:3)
5 creatures vanquished.

Grand Total: 57 creatures vanquished

Notes
Turn   | Place    | Note
-------+----------+-------------------------------------------
     0 | D:1      | cbfl8 the Hill Orc Monk began the quest for the Orb.
     0 | D:1      | Reached XP level 1. HP: 19/19 MP: 1/1
   226 | D:1      | Reached XP level 2. HP: 27/27 MP: 2/2
   254 | D:1      | Found a faded altar of an unknown god.
  1204 | D:2      | Reached XP level 3. HP: 33/33 MP: 3/3
  1726 | D:3      | Noticed Ijyb
  1898 | D:3      | Found a basalt altar of Yredelemnul.
  2067 | D:2      | Noticed a tengu
  2067 | D:2      | an orc wizard changed into a tengu
  2068 | D:2      | Noticed a sky beast
  2068 | D:2      | a tengu changed into a sky beast
  2082 | D:3      | Killed a sky beast
  2083 | D:3      | Reached skill level 5 in Fighting
  2083 | D:3      | Reached skill level 5 in Axes
  2083 | D:3      | Reached skill level 1 in Armour
  2083 | D:3      | Reached skill level 1 in Evocations
  2083 | D:3      | Reached XP level 4. HP: 28/42 MP: 4/4
  2083 | D:3      | Reached XP level 5. HP: 32/48 MP: 5/5
  2294 | D:2      | Killed Ijyb
  2672 | D:3      | Found Cufirous's Distillery.
  3001 | D:4      | Noticed a phantom
  3083 | D:4      | Reached XP level 6. HP: 52/56 MP: 6/6
  3126 | D:4      | Found a transporter.
  3126 | D:4      | Noticed a necrophage
  3130 | D:4      | Noticed cbfl8's ghost (amateur HODe)
  3232 | D:4      | Demolished by an ogre

Illustrated notes

Levels and vault maps discovered:
D:1:      dpeg_arrival_simpleton_c, layout_basic,
          hellmonk_ecumenical_altar_slurped_away
D:2:      layout_basic, eino_tiny_chamber
D:3:      layout_rooms, mainiacjoe_overflow_boulevard, serial_shops,
          nicolae_shop_advertising_works [nicolae_subvault_shop_adworks],
          minivault_4, kennysheep_pointless_box, uniq_ijyb
D:4:      layout_basic, chequers_temple_overflow_statue_of_worship,
          gammafunk_ghost_arena, grunt_decor_junction, minmay_fractal_squares_5,
          uniq_grinder

Skill      XL: |  1  2  3 |
---------------+----------+-----
Fighting       | 4 5 |  5.1
Axes           | 5 |  5.7
Armour         | 1 |  1.7
Evocations     | 1 |  1.8
Dodging        | |  2.9
Stealth        | |  1.8
Shields        | |  0.1

Action                   |  1- 3 |  4- 6 || total
-------------------------+-------+-------++-------
Melee: Hand axe          |    90 |     4 ||    94
       War axe           |       |    41 ||    41
       Punch             |       |     1 ||     1
Evoke: Wand              |     2 |       ||     2
  Use: Potion            |     2 |       ||     2
 Stab: Sleeping          |     2 |       ||     2
Armor: Robe              |     5 |       ||     5
       Chain mail        |    31 |    28 ||    59
       Skin              |       |     1 ||     1
Dodge: Dodged            |    41 |    22 ||    63
Block: Other             |       |     5 ||     5
